Get step-by-step instructions on how to execute this build order below. Start the game timer, and the build order will tick by so you can play in parallel with StarCraft on a second screen or mobile device.

Game Time

  0:00

Last Step

  N/A

Next Step

Upcoming Step



Don't want to look back and forth between 2 screens? Try out our Overwolf App, the Spawning Tool Build Advisor to get an in-game overlay with this build!

Complete Build Order

  12  0:05  Drone  
  13  0:16  Overlord  
  13  0:32  Drone  
  13  0:34  Drone  
  13  0:35  Drone  
  16  0:51  Drone  
  17  0:59  Drone  
  17  1:02  Hatchery  
  17  1:11  Drone  
  18  1:18  Drone, Extractor  
  18  1:35  Drone  
  18  1:39  Drone, Spawning Pool  
  19  1:49  Drone  
  20  2:01  Drone  
  21  2:20  Drone  
  22  2:23  Drone  
  22  2:25  Drone  
  22  2:27  Queen x2  
  28  2:39  Metabolic Boost  
  28  2:44  Overlord x2  
  28  2:45  Overlord x2  
  28  2:55  Spine Crawler  
  27  3:00  Drone  
  27  3:03  Extractor  
  27  3:04  Lair  
  27  3:08  Drone x2  
  27  3:11  Drone  
  31  3:26  Drone x3  
  34  3:29  Drone  
  34  3:30  Zergling x2  
  35  3:39  Drone x3  
  38  3:45  Spore Crawler  
  37  3:49  Baneling Nest  
  37  3:50  Drone  
  37  3:54  Extractor, Drone x4  
  40  3:58  Overlord  
  40  4:05  Drone  
  40  4:07  Spore Crawler  
  40  4:21  Drone x3  
  40  4:22  Hydralisk Den  
  42  4:28  Spore Crawler  
  33  4:35  Zergling x10  
  33  4:36  Zergling x2  
  36  4:43  Centrifugal Hooks  
  36  4:50  Drone x5  
  41  4:56  Drone  
  42  5:11  Hydralisk, Nydus Network, Grooved Spines  
  43  5:16  Baneling x2  
  43  5:17  Baneling  
  43  5:20  Spine Crawler  
  42  5:23  Drone  
  42  5:24  Drone  
  43  5:52  Zergling x12, Hydralisk  
  43  5:56  Queen  
  53  6:00  Drone, Extractor  
  53  6:03  Baneling x3  
  53  6:10  Nydus Canal  
  53  6:13  Muscular Augments  
  53  6:20  Infestation Pit  
  51  6:35  Nydus Canal  
  51  6:39  Overlord x2  
  49  6:41  Hydralisk  
  51  6:57  Overlord  
  51  6:58  Overlord  
  51  7:03  Drone, Spore Crawler  
  51  7:04  Drone x2  
  51  7:06  Drone  
  51  7:07  Queen  
  56  7:10  Hive  
  56  7:17  Nydus Canal  
  56  7:24  Drone x2  
  58  7:32  Nydus Canal  
  48  7:42  Zergling x10, Hydralisk x2  
  48  7:43  Zergling x2  
  46  8:05  Hatchery  
  45  8:10  Nydus Canal  
  34  8:35  Hydralisk  
  34  8:36  Hydralisk x5  
  42  8:58  Zergling x6, Hydralisk  
  45  9:07  Drone x2  
  41  9:43  Drone x2  
  41  9:44  Drone, Queen  
  47  9:45  Zergling x2  
  47  10:07  Hatchery  
  47  10:11  Spine Crawler  
  45  10:16  Spine Crawler  
  45  10:21  Nydus Canal  
  44  10:37  Drone x3  
  44  10:38  Extractor  
  44  10:39  Drone x2  
  44  10:40  Drone  
  49  11:04  Evolution Chamber  
  49  11:06  Evolution Chamber  
  47  11:11  Overseer  
  47  11:12  Overseer  
  47  11:15  Pneumatized Carapace  
  47  11:18  Drone x3  
  50  11:19  Drone x2  
  50  11:22  Extractor  
  50  11:23  Spore Crawler  
  33  11:55  Drone x3  
  33  11:57  Drone x3  
  33  11:58  Drone